 Dungeon Crawl Stone Soup version 0.19.0-9-gfd783f2 (webtiles) character file.

308 ketsa the Conjurer (level 6, -19/32 HPs)
             Began as a Deep Elf Conjurer on Nov 7, 2016.
             Demolished by a two-headed ogre
             ... wielding a +0 giant spiked club
              (32 damage)
             ... on level 5 of the Dungeon.
             The game lasted 00:21:12 (4025 turns).

ketsa the Conjurer (Deep Elf Conjurer)              Turns: 4025, Time: 00:21:13

Health: -19/32     AC:  4    Str:  5    XL:     6   Next: 16%
Magic:  12/15      EV: 14    Int: 22    God:
Gold:   190        SH:  0    Dex: 15    Spells: 3 memorised, 8 levels left

rFire  . . .     SeeInvis .     k - +0 short sword
rCold  . . .     Gourm    .     r - +0 robe
rNeg   . . .     Faith    .     (no shield)
rPois  .         Spirit   .     y - +0 helmet
rElec  .         Reflect  .     C - +0 cloak
rCorr  .         Harm     .     (no gloves)
MR     .....                    (no boots)
Stlth  ++........               (no amulet)
                                (no ring)
                                (no ring)

@: no status effects
A: no striking features
a: no special abilities


You were on level 5 of the Dungeon.
You were not hungry.

You visited 1 branch of the dungeon, and saw 5 of its levels.

You collected 190 gold pieces.

Inventory:

Hand Weapons
 g - a +0 dagger
 i - a +0 dagger
 k - a +0 short sword (weapon)
 q - a +0 short sword
 s - a +0 blowgun
 t - a +0 short sword
 z - a +0 long sword
Missiles
 u - 30 poisoned needles
Armour
 r - a +0 robe (worn)
 y - a +0 helmet (worn)
 C - a +0 cloak (worn)
Scrolls
 d - a scroll of enchant armour {unknown}
 e - a scroll of recharging {unknown}
 f - 3 scrolls of identify
 h - 3 scrolls of amnesia {unknown}
 o - a scroll of immolation {unknown}
 v - 4 scrolls of teleportation {unknown}
 D - 2 scrolls of remove curse {unknown}
Potions
 a - a potion of magic {unknown}
 j - a potion of haste
 l - 2 potions of brilliance
 m - 5 potions of curing
 n - a potion of lignification
 w - 2 potions of agility
 A - a potion of flight {unknown}
 B - a potion of cure mutation {unknown}
Books
 b - a book of Conjurations

   Spells                             Type                      Level
   a - Magic Dart                     Conjuration                  1
   b - Searing Ray                    Conjuration                  2
   c - Dazzling Spray                 Conjuration/Hexes            3
   d - Fulminant Prism                Conjuration/Hexes            4
   e - Iskenderun's Mystic Blast      Conjuration                  4
   f - Iskenderun's Battlesphere      Conjuration/Charms           5
Comestibles
 c - 4 bread rations
 p - 2 meat rations
 x - 3 fruits
 E - a beef jerky


   Skills:
 + Level 4.5 Dodging
 + Level 3.5 Stealth
 + Level 4.6 Spellcasting
 * Level 6.1 Conjurations
 + Level 1.3 Hexes


You had 8 spell levels left.
You knew the following spells:

 Your Spells              Type           Power        Failure   Level  Hunger
a - Magic Dart            Conj           ####         1%          1    None
b - Searing Ray           Conj           ####..       1%          2    None
c - Dazzling Spray        Conj/Hex       ###...       10%         3    ##.....


Dungeon Overview and Level Annotations

Branches:
Dungeon (5/15)
 Temple: D:4-7

Altars:
Elyvilon
Okawaru
Qazlal
Yredelemnul
Zin
The Shining One

Shops:
D:5 }

Annotations:
D:4 newuser's ghost, amateur DgEn


Message History

Aiming: Magic Dart
Press: ? - help, Shift-Dir - straight line, f - giant cockroach
Aim: a giant cockroach (hasn't noticed you)
The magic dart hits the giant cockroach.
You kill the giant cockroach!
A two-headed ogre comes into view.
It is wielding a giant spiked club and a giant club.
The two-headed ogre shouts in stereo!
The two-headed ogre hits you with a giant spiked club!!
Ouch! That really hurt!
The two-headed ogre barely misses you.
Casting: Magic Dart
Confirm with . or Enter, or press ? or * to list all spells.
Aiming: Dazzling Spray
Press: ? - help, Shift-Dir - straight line, f - two-headed ogre
Aim: a two-headed ogre, wielding a giant spiked club and a giant club The spray of energy hits the two-headed ogre.
The two-headed ogre is moderately wounded.
The two-headed ogre hits you with a giant spiked club!!
Ouch! That really hurt!
You die...

...# ##.# ##.### >.
...###..# #⌠.⌠#########
.......## #.∩..#.......
...##### #⌠.⌠.........
....# #.#..........
.##..# #.##......... ##
#...# ###.##.........
##.#
########..............
.#
##.†.O@...#.##.........
.
##.....#####..##........
.......## ##.###.......
. .......# #.# ########
# ####...# #.## .#
...##....# #..# .
#.....<.# ##.#
#........# #.# #
#>###....... #.# ##


You could see a two-headed ogre.

Vanquished Creatures
  A howler monkey (D:5)
  2 orc wizards (D:4)
  An orc priest (D:4)
  2 worker ants
  5 adders
  An adder zombie (D:5)
  An adder skeleton (D:4)
  4 worms
  2 dart slugs (D:3)
  4 leopard geckos
  2 orcs (D:4)
  3 ball pythons
  7 giant cockroaches
  5 hobgoblins
  2 jackals (D:1)
  9 kobolds
  2 quokkas
  3 bats
  9 frilled lizards
  5 goblins
  11 rats
81 creatures vanquished.

Notes
Turn   | Place    | Note
-------+----------+-------------------------------------------
     0 | D:1      | ketsa the Deep Elf Conjurer began the quest for the Orb.
     0 | D:1      | Reached XP level 1. HP: 10/10 MP: 6/6
   125 | D:1      | Reached XP level 2. HP: 15/15 MP: 4/8
   146 | D:1      | Learned a level 2 spell: Searing Ray
   711 | D:1      | Reached skill level 5 in Conjurations
   795 | D:1      | Reached XP level 3. HP: 19/19 MP: 7/9
   910 | D:2      | Found an iron altar of Okawaru.
  1464 | D:2      | Reached XP level 4. HP: 24/24 MP: 6/11
  2708 | D:4      | Noticed a phantom
  2944 | D:3      | Reached XP level 5. HP: 25/28 MP: 10/12
  2981 | D:3      | Learned a level 3 spell: Dazzling Spray
  3011 | D:4      | Found a stormy altar of Qazlal.
  3011 | D:4      | Noticed an air elemental
  3066 | D:4      | Noticed a water elemental
  3066 | D:4      | Noticed a fire elemental
  3145 | D:4      | Noticed newuser's ghost (amateur DgEn)
  3146 | D:4      | Found a basalt altar of Yredelemnul.
  3236 | D:5      | Entered Level 5 of the Dungeon
  3236 | D:5      | Noticed a sky beast
  3317 | D:4      | Found a glowing silver altar of Zin.
  3317 | D:4      | Found a glowing golden altar of the Shining One.
  3318 | D:4      | Found a white marble altar of Elyvilon.
  3385 | D:4      | Reached skill level 1 in Hexes
  3821 | D:5      | Found Tiywno Pume's Gadget Shoppe.
  3870 | D:5      | Reached skill level 6 in Conjurations
  3911 | D:5      | Reached XP level 6. HP: 32/32 MP: 10/14
  4020 | D:5      | Noticed a two-headed ogre
  4025 | D:5      | Demolished by a two-headed ogre

Skill      XL: |  1  2  3  4  5 |
---------------+----------------+-----
Dodging        | 3 4 |  4.5
Conjurations   | 5 6 |  6.1
Stealth        | 3 |  3.5
Spellcasting   | 4 |  4.6
Hexes          | 1 |  1.3

Action                   |  1- 3 |  4- 6 || total
-------------------------+-------+-------++-------
Melee: Short sword       |     1 |       ||     1
 Cast: Magic Dart        |    64 |    61 ||   125
       Searing Ray       |     6 |    16 ||    22
       Dazzling Spray    |       |     2 ||     2
  Use: Scroll            |     1 |     5 ||     6
       Potion            |       |     1 ||     1
 Stab: Sleeping          |     1 |       ||     1
  Eat: Chunk             |     1 |     8 ||     9
       Fruit             |       |     1 ||     1
Armor: Robe              |     2 |       ||     2
Dodge: Dodged            |     2 |    11 ||    13
